 Dungeon Crawl Stone Soup version 0.30.0-13-g156ef70053 (webtiles) character file.

Game seed: 6158163874145477903

53 jagang the Chiller (level 3, -13/25 HPs)
             Began as a Demonspawn Ice Elementalist on May 17, 2023.
             Mangled by Crazy Yiuf
             ... wielding a +4 quarterstaff of chaos
              (15 damage)
             ... on level 3 of the Dungeon.
             The game lasted 00:14:33 (2332 turns).

jagang the Chiller (Demonspawn Ice Elementalist)    Turns: 2332, Time: 00:14:33

Health: -13/25     AC:  3    Str:  8    XL:     3   Next: 64%
Magic:  3/6        EV: 11    Int: 18    God:
Gold:   72         SH:  0    Dex: 13    Spells: 6/7 levels left

rFire   . . .        i - +0 short sword
rCold   . . .        (no shield)
rNeg    . . .        j - +0 leather armour
rPois   .            (helmet restricted)
rElec   .            (no cloak)
rCorr   .            (no gloves)
SInv    .            (no boots)
Will    .....        (no amulet)
Stlth   ++           m - ring of wizardry
HPRegen 0.24/turn    (no ring)
MPRegen 0.10/turn

%: wizardry (x1)
@: lethally poisoned (-13 -> -32)
A: antennae 1
a: no special abilities


You were on level 3 of the Dungeon.
You visited 1 branch of the dungeon, and saw 3 of its levels.

You collected 72 gold pieces.

Inventory:

Hand Weapons
 i - a +0 short sword (weapon)
Armour
 a - a +0 robe
 d - a +0 chain mail
 j - a +0 leather armour (worn)
 n - a +0 ring mail
Jewellery
 m - a ring of wizardry (left hand)
Scrolls
 e - a scroll of enchant armour {unknown}
 f - 3 scrolls of vulnerability {unknown}
 g - 2 scrolls of poison {unknown}
 h - 2 scrolls of magic mapping {unknown}
 o - 2 scrolls of identify {unknown}
 r - 2 scrolls of noise {unknown}
Potions
 b - a potion of magic
 c - a potion of degeneration {unknown}
 k - 2 potions of curing {unknown}
 l - 3 potions of heal wounds {unknown}
 p - a potion of flight {unknown}
 q - a potion of attraction {unknown}


   Skills:
 + Level 0.9 Fighting
 + Level 0.7 Armour
 * Level 2.4 Dodging
 - Level 1.7 Stealth
 * Level 2.5 Spellcasting
 + Level 0.0 Conjurations
 * Level 4.0 Ice Magic


You had 6 spell levels left.
You knew the following spells:

 Your Spells              Type           Power      Damage    Failure   Level
a - Freeze                Ice            64%        1d7       1%          1

Your spell library contained the following spells:

 Spells                   Type           Power      Damage    Failure   Level
 Frozen Ramparts          Ice            32%        1d5       6%          3
 Ozocubu's Armour         Ice            16%        N/A       6%          3
 Poisonous Vapours        Pois/Air       4%         N/A       16%         2
 Mephitic Cloud           Conj/Pois/Air  2%         N/A       28%         3
 Summon Guardian Golem    Hex/Summ       2%         N/A       28%         3
 Vhi's Electric Charge    Tloc/Air       4%         N/A       28%         3
 Summon Ice Beast         Ice/Summ       9%         N/A       38%         4
 Freezing Cloud           Conj/Ice/Air   3%         6-21      80%         5
 Arcjolt                  Conj/Air       1%         1d11      92%         5
 Orb of Destruction       Conj           1%         9d5       100%        7
 Spellforged Servitor     Conj/Summ      1%         N/A       100%        7
 Maxwell's Capacitive Co  Air            1%         ∞         100%        8


Dungeon Overview and Level Annotations

Branches:
Dungeon (3/15)

Altars:
Kikubaaqudgha

Shops:
D:1 =

Annotations:
D:3 Crazy Yiuf


Innate Abilities, Weirdness & Mutations

You have a pair of small antennae on your head.


Message History

You kill the kobold!
Your Ice Magic skill increases to level 4!
Things that are here:
a +0 short sword; a kobold corpse
h - 2 scrolls labelled OSAPPI XIDGH (gained 1)
Found a runed translucent door.
Crazy Yiuf shouts!
You open the door.
Casting: Freeze (safe; 1% risk of failure)
Confirm with . or Enter, or press ? or * to list all spells.
Aiming: Freeze (safe; 1% risk of failure)
Press: ? - help, Shift-Dir - straight line, f - Crazy Yiuf
Aim: Crazy Yiuf, wielding a +4 quarterstaff of chaos and wearing a +0 cloak You freeze Crazy Yiuf.
Crazy Yiuf is moderately wounded.
Crazy Yiuf cries, "Seed!"
Crazy Yiuf hits you with a +4 quarterstaff of chaos!
Crazy Yiuf attacks as you move away! Crazy Yiuf barely misses you.
Casting: Freeze (safe; 1% risk of failure)
Confirm with . or Enter, or press ? or * to list all spells.
Aiming: Freeze (safe; 1% risk of failure)
Press: ? - help, Shift-Dir - straight line, f/p - Crazy Yiuf
Aim: Crazy Yiuf, wielding a +4 quarterstaff of chaos and wearing a +0 cloak (moderately wounded)
You freeze Crazy Yiuf.
Crazy Yiuf is moderately wounded.
Crazy Yiuf closely misses you.
Casting: Freeze (safe; 1% risk of failure)
Confirm with . or Enter, or press ? or * to list all spells.
Aiming: Freeze (safe; 1% risk of failure)
Press: ? - help, Shift-Dir - straight line, f/p - Crazy Yiuf
Aim: Crazy Yiuf, wielding a +4 quarterstaff of chaos and wearing a +0 cloak (moderately wounded)
You freeze Crazy Yiuf.
Crazy Yiuf is heavily wounded.
Crazy Yiuf hits you with a +4 quarterstaff of chaos!
* * * LOW HITPOINT WARNING * * *
You are lethally poisoned!
Crazy Yiuf attacks as you move away!
Crazy Yiuf hits you with a +4 quarterstaff of chaos!
Ouch! That really hurt!
You die...

######## ##.#..#.### ###
##...#..#@g##...#
#......####.'...#
#...#.## ###..)# #.#####
### #.## #.# #... #.##
.... #..# ### #### #.##
##.########.# #..#
#..........#####..####.#


You could see Crazy Yiuf.

Vanquished Creatures
  An adder (D:3)
  2 worms
  An orc (D:3)
  A bat (D:1)
  3 endoplasms
  3 giant cockroaches
  4 hobgoblins
  3 jackals (D:2)
  3 quokkas
  2 ball pythons
  2 frilled lizards
  3 goblins
  2 kobolds
  6 rats
36 creatures vanquished.

Notes
Turn   | Place    | Note
-------+----------+-------------------------------------------
     0 | D:1      | jagang the Demonspawn Ice Elementalist began the quest for
                  | the Orb.
     0 | D:1      | Reached XP level 1. HP: 13/13 MP: 3/3
   455 | D:1      | Gained mutation: You have a pair of small antennae on your
                  | head. [demonic ancestry]
   455 | D:1      | Reached XP level 2. HP: 19/19 MP: 3/5
   696 | D:1      | Found Saick's Jewellery Emporium.
  1537 | D:2      | Reached XP level 3. HP: 25/25 MP: 1/6
  2159 | D:3      | Found an ancient bone altar of Kikubaaqudgha.
  2273 | D:3      | Reached skill level 4 in Ice Magic
  2322 | D:3      | Found a runed translucent door.
  2323 | D:3      | Noticed Crazy Yiuf
  2332 | D:3      | Mangled by Crazy Yiuf

Illustrated notes

Levels and vault maps discovered:
D:1:      ncdulo_lavacross, layout_basic, serial_shops, shop
D:2:      layout_rooms
D:3:      layout_loops_ring, lemuel_tele_altar, serial_shops, shop,
          minmay_misc_feat_four_crosses, minmay_pentomino_pile, uniq_natasha,
          uniq_crazy_yiuf_cottage

Skill      XL: |  1  2  3 |
---------------+----------+-----
Dodging        | 2 |  2.4
Ice Magic      | 4 |  4.0
Fighting       | |  0.9
Armour         | |  0.7
Stealth        | |  1.7
Spellcasting   | |  2.5

Action                     || total
---------------------------++-------
  Melee: Unarmed           ||     9
         Short sword       ||    76
   Cast: Freeze            ||    68
 Armour: Robe              ||     4
         Leather armour    ||    13
  Dodge: Dodged            ||    70
